[Event "*** Titled Tuesday Blitz"]
[Site "Chess.com"]
[Date "2020.04.28"]
[Round "4"]
[White "Michaelson_11"]
[Black "Sashadav97"]
[Result "0-1"]
[WhiteElo "1993"]
[BlackElo "2753"]
[TimeControl "180+1"]
[EndTime "10:39:05 PDT"]
[Termination "Sashadav97 won by resignation"]

1. e4 c5 2. Nf3 Nc6 3. d4 cxd4 4.
Nxd4 Nf6 5. Nc3 d6 6. Bg5 e6 7.
Qd2 a6 8. O-O-O Bd7 9. f4 Be7 10. Kb1 b5 11. Nxc6 Bxc6 12. e5 dxe5 13. Qxd8+ Rxd8 14. Rxd8+ Bxd8 15. fxe5 Nd7 16. Bxd8 Kxd8 17. Be2 Nxe5 18.
Rd1+ Ke7 19. g3 Rd8 20. Rxd8 Kxd8 21. a3 Ke7 22. Kc1 Nd7 23. Kd2 e5 24. Ke3 f5 25.
a4 b4 26. Na2 a5 27. b3 g5 28. c3 f4+ 29. gxf4 gxf4+ 30. Kf2 bxc3 31. Nxc3 e4 32. Bc4 Kd6 33. Bg8 h6 34. Bh7 Nc5 35. Ke2 Ke5 36. Bg8 Kd4 37. Nb1 f3+ 38. Ke1 e3 39.
Na3 Nd3+ 0-1

[Event "*** Titled Tuesday Blitz"]
[Site "Chess.com"]
[Date "2020.04.28"]
[Round "4"]
[White "aNaartjieZA"]
[Black "JLRHei"]
[Result "1-0"]
[WhiteElo "2594"]
[BlackElo "2295"]
[TimeControl "180+1"]
[EndTime "10:39:05 PDT"]
[Termination "aNaartjieZA won on time"]

1. e4 c5 2. Nf3 e6 3. d3 Nc6 4.
g3 g6 5. Bg2 Bg7 6. O-O Nge7 7.
Re1 O-O 8. Nbd2 d6 9. c3 Rb8 10.
a4 a6 11. Nf1 b5 12. axb5 axb5 13. d4 b4 14. h3 Bd7 15. Bf4 e5 16. dxe5 dxe5 17.
Be3 bxc3 18. bxc3 Rb5 19. Qd3 Na5 20. Rad1 Rb7 21. Bxc5 Qe8 22. Qa6 Nec6 23. Bxf8 Bxf8 24. Ne3 Bc5 25. Nd5 Kg7 26. Rb1 Ra7 27. Qe2 f6 28.
Red1 Be6 29. Nb4 Bxb4 30. cxb4 Nc4 31. Rdc1 Qf7 32. Bf1 Rd7 33. Rxc4 1-0

[Event "*** Titled Tuesday Blitz"]
[Site "Chess.com"]
[Date "2020.04.28"]
[Round "4"]
[White "manitodeplomo"]
[Black "KrakenBeast"]
[Result "0-1"]
[WhiteElo "2603"]
[BlackElo "2425"]
[TimeControl "180+1"]
[EndTime "10:39:05 PDT"]
[Termination "KrakenBeast won on time"]

1. d4 Nf6 2. c4 e6 3. Nf3 Bb4+ 4.
Nbd2 b6 5. g3 Bb7 6. Bg2 O-O 7.
O-O d6 8. Qc2 Bxd2 9. Qxd2 Ne4 10.
Qc2 Nd7 11. Ng5 Nxg5 12. Bxb7 Rb8 13. Bg2 e5 14. dxe5 dxe5 15. Be3 Ne6 16. Rad1 Qe7 17. Bc6 Rfd8 18. Qa4 Ndc5 19. Qxa7 Nd4 20. Bxd4 exd4 21. Rxd4 Rxd4 22. Qxb8+ Rd8 23. Qa7 g6 24. e3 Rd2 25.
b4 Nd3 26. a3 Nxf2 27. Qa8+ Kg7 28. Bd5 Qxe3 29. Qc8 Ng4+ 0-1

[Event "*** Titled Tuesday Blitz"]
[Site "Chess.com"]
[Date "2020.04.28"]
[Round "4"]
[White "EddieMarsalla"]
[Black "ajian"]
[Result "1-0"]
[WhiteElo "2545"]
[BlackElo "2339"]
[TimeControl "180+1"]
[EndTime "10:39:05 PDT"]
[Termination "EddieMarsalla won by resignation"]

1. d4 Nf6 2. Bg5 d5 3. Nd2 c5 4.
e3 Nc6 5. c3 e6 6. f4 Be7 7.
Bd3 h6 8. Bh4 Nd7 9. Bg3 O-O 10.
Ngf3 f5 11. Qe2 Nf6 12. O-O Qe8 13. Ne5 Ne4 14. Rae1 Nxe5 15. fxe5 Qg6 16. Bxe4 fxe4 17. Rxf8+ Bxf8 18. Qb5 Qf7 19. dxc5 Qc7 20. b4 Bd7 21.
Qe2 a5 22. Nb3 b6 23. cxb6 Qxb6 24. bxa5 Qc7 25. Rc1 Ba4 26. Nd4 Bd7 27. a6 Qa5 28. Rf1 Qxa6 29. Qh5 Be8 30. Qg4 Bf7 31. Bf4 h5 32.
Qh3 Qe2 33. Nxe2 1-0

[Event "*** Titled Tuesday Blitz"]
[Site "Chess.com"]
[Date "2020.04.28"]
[Round "4"]
[White "Boudicca64"]
[Black "tomozupan"]
[Result "0-1"]
[WhiteElo "1895"]
[BlackElo "2210"]
[TimeControl "180+1"]
[EndTime "10:39:05 PDT"]
[Termination "tomozupan won by resignation"]

1. d4 Nf6 2. c4 g6 3. Nc3 d5 4. Bf4 Bg7 5. e3 O-O 6. Rc1 c5 7. dxc5 Qa5 8. cxd5 Ne4 9. Ne2 Nxc3 10. Nxc3 Qxc5 11.
Be2 Qb4 12. Qb3 Qxb3 13. axb3 Nd7 14. O-O Nc5 15. b4 Nb3 16. Rcd1 a5 17. Bc4 axb4 18. Nb5 Na5 19. Nc7 Ra7 20. b3 Nxc4 21. bxc4 b3 22. Nb5 Ra4 23. c5 Bf5 24. Nd4 Bxd4 25. exd4 b2 26.
d6 exd6 27. Bxd6 Rd8 28. Be5 Rd5 29. Rb1 Bxb1 30. Rxb1 Ra1 0-1

[Event "*** Titled Tuesday Blitz"]
[Site "Chess.com"]
[Date "2020.04.28"]
[Round "4"]
[White "Valuebet2000"]
[Black "Justinz"]
[Result "0-1"]
[WhiteElo "2568"]
[BlackElo "2253"]
[TimeControl "180+1"]
[EndTime "10:39:07 PDT"]
[Termination "Justinz won by resignation"]

1. d4 Nf6 2. c4 e6 3. Nc3 Bb4 4.
Nf3 O-O 5. Bg5 c5 6. Rc1 h6 7. Bh4 d6 8. e3 Nbd7 9. Bd3 a6 10. O-O Bxc3 11. Rxc3 e5 12. dxe5 dxe5 13. Nd2 Qc7 14.
Ne4 Qc6 15. Qf3 Qe6 16. Bxf6 Nxf6 17. Nxc5 Qe7 18. Ne4 Nd7 19. Ng3 g6 20. Be4 Nf6 21. Bd5 Bg4 22. Nf5 Bxf5 23. e4 Be6 24. Rd1 Rad8 25.
h3 Kg7 26. Rcd3 Nh5 27. R3d2 Nf4 28. Kh2 Rd6 29. g3 Nxh3 30. Bxe6 Rxd2 31. Rxd2 Ng5 32. Qc3 Qxe6 33. Rd5 Re8 34. f4 Nxe4 35. Qe3 Nf6 36. Rxe5 Ng4+ 0-1

[Event "*** Titled Tuesday Blitz"]
[Site "Chess.com"]
[Date "2020.04.28"]
[Round "4"]
[White "DonBroca"]
[Black "tufferguy"]
[Result "1-0"]
[WhiteElo "2057"]
[BlackElo "2377"]
[TimeControl "180+1"]
[EndTime "10:39:09 PDT"]
[Termination "DonBroca won by resignation"]

1. e4 e5 2. Nf3 Nc6 3. Bb5 a6 4. Ba4 Nf6 5. O-O b5 6. Bb3 Bc5 7. c3 Bb7 8. d4 Bd6 9. Bg5 h6 10.
Bh4 g5 11. Bg3 Qe7 12. Bd5 Ng4 13. h3 exd4 14. hxg4 O-O-O 15. e5 Nxe5 16. Bxb7+ Kxb7 17. Nxe5 Bxe5 18. Re1 f6 19. cxd4 Qb4 20. dxe5 Qxb2 21. Nd2 fxe5 22. Bxe5 Qa3 23. Bxh8 Rxh8 24. Qf3+ c6 25.
Qxa3 h5 26. Qc3 1-0

[Event "*** Titled Tuesday Blitz"]
[Site "Chess.com"]
[Date "2020.04.28"]
[Round "4"]
[White "Suleyman_Chess06"]
[Black "HarryCun"]
[Result "1-0"]
[WhiteElo "2367"]
[BlackElo "2146"]
[TimeControl "180+1"]
[EndTime "10:39:09 PDT"]
[Termination "Suleyman_Chess06 won by resignation"]

1. d4 c6 2. Nf3 d5 3. Bf4 Nf6 4.
e3 Bf5 5. h3 e6 6. c3 Nbd7 7.
Bd3 Bxd3 8. Qxd3 Be7 9. Nbd2 O-O 10. O-O c5 11. Ne5 Nxe5 12. Bxe5 Nd7 13. Bh2 c4 14. Qc2 Nf6 15. e4 dxe4 16. Nxe4 Nxe4 17. Qxe4 Bd6 18. Qxb7 Bxh2+ 19. Kxh2 Rb8 20. Qxa7 Rxb2 21. Qc5 Qb8+ 22. Kg1 Rc8 23. Qg5 Qa7 24. d5 exd5 25. Qxd5 Rxa2 26. Rxa2 Qxa2 27. Rd1 h6 28. Qb7 Re8 29. Qd7 Qe2 30. Rd4 Ra8 31. Rf4 Qe5 32. Qxf7+ Kh8 33. g3 Qxc3 34. Rxc4 Qf6 35. Qxf6 gxf6 36.
Rc7 Rg8 37. Kg2 Rg7 38. Rxg7 Kxg7 39. Kf3 Kg6 40. Kf4 h5 41. h4 f5 42. Ke5 1-0

[Event "*** Titled Tuesday Blitz"]
[Site "Chess.com"]
[Date "2020.04.28"]
[Round "4"]
[White "LittlePeasant"]
[Black "SCIM"]
[Result "1-0"]
[WhiteElo "2759"]
[BlackElo "2490"]
[TimeControl "180+1"]
[EndTime "10:39:10 PDT"]
[Termination "LittlePeasant won by resignation"]

1. d4 Nf6 2. c4 g6 3. g3 Bg7 4. Bg2 d5 5. cxd5 Nxd5 6. Nc3 Nxc3 7. bxc3 O-O 8. e4 c5 9. Ne2 cxd4 10. cxd4 Nc6 11.
e5 Bg4 12. Be3 Qa5+ 13. Bd2 Bxe2 14. Bxa5 Bxd1 15. Bxc6 bxc6 16. Rxd1 Rab8 17. Ke2 f6 18. f4 fxe5 19. dxe5 g5 20. Rhf1 Rb2+ 21. Rd2 Rb5 22. Bc3 Rc5 23. Bb4 Rc4 24. Bxe7 Re8 25. Bxg5 a5 26. Rfd1 a4 27. Rd8 Rxd8 28. Rxd8+ Kf7 29. Rd7+ Kg6 30. h4 Bf8 31. g4 1-0

[Event "*** Titled Tuesday Blitz"]
[Site "Chess.com"]
[Date "2020.04.28"]
[Round "4"]
[White "Confer77"]
[Black "731291"]
[Result "0-1"]
[WhiteElo "2481"]
[BlackElo "2680"]
[TimeControl "180+1"]
[EndTime "10:39:10 PDT"]
[Termination "731291 won by resignation"]

1. d4 Nf6 2. Nc3 d5 3. Bf4 a6 4.
e3 e6 5. g4 Bd6 6. Qf3 O-O 7. g5 Nfd7 8. O-O-O b5 9. h4 Bb7 10.
Qg3 Bxf4 11. exf4 c5 12. Nf3 Nc6 13. h5 b4 14. Na4 Nxd4 15. Nxd4 cxd4 16. Bd3 Bc6 17. b3 Bxa4 18. bxa4 Nc5 19. Bxh7+ Kxh7 20. g6+ Kh6 21. Rxd4 Ne4 22. Qe3 f5 23. f3 Nc3 24.
Qxe6 Re8 25. Qxf5 Ne2+ 26. Kb1 Nxd4 27. Qd3 Qf6 28. f5 Nxf5 29. Rg1 Re3 30. Qxd5 Rae8 31.
Qc4 Re1+ 0-1

[Event "*** Titled Tuesday Blitz"]
[Site "Chess.com"]
[Date "2020.04.28"]
[Round "4"]
[White "Andro2"]
[Black "Richarzard69"]
[Result "1-0"]
[WhiteElo "2438"]
[BlackElo "2239"]
[TimeControl "180+1"]
[EndTime "10:39:10 PDT"]
[Termination "Andro2 won by resignation"]

1. e4 e6 2. d4 d5 3. Nd2 Nf6 4.
e5 Nfd7 5. Bd3 c5 6. c3 Nc6 7.
Ne2 cxd4 8. cxd4 f6 9. exf6 Nxf6 10. O-O Qc7 11. Nf3 Bd6 12. h3 O-O 13. Be3 Bd7 14.
Rc1 Be8 15. Ng5 Qe7 16. Bf4 h6 17. Bxd6 Qxd6 18. Nf3 Bh5 19. Ng3 Bxf3 20. Qxf3 Nxd4 21. Qe3 e5 22. Rfe1 Rae8 23. Bg6 Ng4 24. hxg4 Qxg6 25.
f3 Nc2 26. Rxc2 Qxc2 27. Qxa7 e4 28. Qxb7 Kh8 29. Nf5 Rxf5 30. gxf5 e3 31. Kh2 Qf2 32.
Qb4 Qh4+ 33. Qxh4 1-0

[Event "*** Titled Tuesday Blitz"]
[Site "Chess.com"]
[Date "2020.04.28"]
[Round "4"]
[White "Eliwood44"]
[Black "harvsp123"]
[Result "0-1"]
[WhiteElo "2317"]
[BlackElo "2528"]
[TimeControl "180+1"]
[EndTime "10:39:12 PDT"]
[Termination "harvsp123 won by resignation"]

1. d4 g6 2. e4 Bg7 3. Nc3 d6 4. Be3 a6 5. a4 Nc6 6. h3 e5 7. dxe5 Nxe5 8. f4 Nc6 9. Nf3 Nf6 10. Bc4 O-O 11. O-O Be6 12. Bxe6 fxe6 13. Qe2 Qe7 14. Rad1 Rad8 15. Bc1 Kh8 16. Qc4 Nh5 17. Ng5 Rde8 18. Ne2 Nf6 19. Ng3 d5 20. Qe2 Qc5+ 21. Kh2 e5 22. fxe5 Nxe5 23. Be3 Qxe3 24. Qxe3 Nfg4+ 25. Kh1 Nxe3 26. Rxf8+ Rxf8 0-1

[Event "*** Titled Tuesday Blitz"]
[Site "Chess.com"]
[Date "2020.04.28"]
[Round "4"]
[White "jtayar88"]
[Black "godsgonnacutudown"]
[Result "0-1"]
[WhiteElo "2557"]
[BlackElo "2361"]
[TimeControl "180+1"]
[EndTime "10:39:12 PDT"]
[Termination "godsgonnacutudown won on time"]

1. e4 c5 2. Nf3 d6 3. d4 cxd4 4. Nxd4 Nf6 5. Nc3 Nc6 6. Bc4 Qb6 7. Be3 Qxb2 8. Ndb5 Bg4 9. f3 Qb4 10. Bd3 Be6 11. Nc7+ Kd7 12. Bd2 Rb8 13. Rb1 Qc5 14.
Rb5 Qd4 15. Nxe6 Kxe6 16. Qb1 Ne5 17. Ne2 Nxd3+ 18. cxd3 Qa4 19. Ra5 Qe8 20. Rxa7 Nd7 21. Nd4+ Kf6 22. g4 e5 23. g5+ Kg6 24. Nf5 d5 25. h4 dxe4 26. h5+ Kxf5 27. dxe4+ Ke6 28. Qb3+ Ke7 29. O-O f6 30. Bb4+ Kd8 31. Rd1 Bxb4 32. Qxb4 Qe7 33. Qb6+ Ke8 34. Qc7 Qc5+ 35. Qxc5 Nxc5 0-1

[Event "*** Titled Tuesday Blitz"]
[Site "Chess.com"]
[Date "2020.04.28"]
[Round "4"]
[White "francyIM"]
[Black "Beca95"]
[Result "1-0"]
[WhiteElo "2722"]
[BlackElo "2865"]
[TimeControl "180+1"]
[EndTime "10:39:13 PDT"]
[Termination "francyIM won on time"]

1. d4 Nf6 2. c4 e6 3. Nc3 c5 4. d5 exd5 5. cxd5 d6 6. e4 g6 7.
f4 Bg7 8. Bb5+ Nfd7 9. a4 O-O 10.
Nf3 Na6 11. O-O Nb4 12. h3 a6 13. Bc4 Re8 14. Re1 f5 15. e5 dxe5 16. d6+ Kh8 17.
Ng5 Rf8 18. Ne6 Qh4 19. Nxf8 Nxf8 20. Be3 b6 21. Nd5 Bb7 22. Bf2 Qh6 23. Nxb4 cxb4 24. fxe5 Be4 25. Bd5 Bxd5 26. Qxd5 Qf4 27. Qxa8 1-0

[Event "*** Titled Tuesday Blitz"]
[Site "Chess.com"]
[Date "2020.04.28"]
[Round "4"]
[White "Ana_Berke"]
[Black "onnoelgersma"]
[Result "1-0"]
[WhiteElo "2113"]
[BlackElo "2280"]
[TimeControl "180+1"]
[EndTime "10:39:14 PDT"]
[Termination "Ana_Berke won by resignation"]

1. e4 c6 2. d4 d5 3. exd5 cxd5 4. c4 Nf6 5. Nc3 g6 6. Qb3 Bg7 7. cxd5 O-O 8. Be2 a5 9. Bf3 Na6 10. Nge2 Nb4 11. O-O Bf5 12. Bg5 Qb6 13. Rac1 h6 14.
Bxf6 Qxf6 15. Ne4 Bxe4 16. Bxe4 Qh4 17. Bf3 Bxd4 18. Nxd4 Qxd4 19. Rfd1 Qf4 20. a3 Na6 21. Qxb7 Rfb8 22. Qxe7 Rxb2 23. Qe3 Qf6 24. d6 Rd8 25. d7 Nb8 26. Rc8 Nxd7 27. Rxd8+ Qxd8 28. Qd4 Re2 29. Bxe2 1-0

[Event "*** Titled Tuesday Blitz"]
[Site "Chess.com"]
[Date "2020.04.28"]
[Round "4"]
[White "Andrei_Belozerov"]
[Black "frankshar"]
[Result "1/2-1/2"]
[WhiteElo "2582"]
[BlackElo "2289"]
[TimeControl "180+1"]
[EndTime "10:39:15 PDT"]
[Termination "Game drawn by repetition"]

1. e4 c6 2. d4 d5 3. Nd2 dxe4 4. Nxe4 Nd7 5. Ng5 Ngf6 6. Bd3 e6 7. N1f3 Bd6 8. Qe2 h6 9. Ne4 Nxe4 10. Qxe4 Nf6 11. Qe2 b6 12. Bd2 Bb7 13. Ne5 Bc7 14. c3 Qd5 15.
O-O-O Qxa2 16. Bc4 Qa1+ 17. Kc2 Qa4+ 18. Kb1 Bxe5 19.
dxe5 Nd5 20. Bc1 O-O-O 21. Rd2 b5 22. Ba2 b4 23. cxb4 Nxb4 24. Bc4 Rxd2 25. Bxd2 Qc2+ 26. Ka1 Qa4+ 27. Kb1 Qc2+ 28. Ka1 Qa4+ 29. Kb1 1/2-1/2

[Event "*** Titled Tuesday Blitz"]
[Site "Chess.com"]
[Date "2020.04.28"]
[Round "4"]
[White "TigrVShlyape"]
[Black "annacramling"]
[Result "1-0"]
[WhiteElo "2827"]
[BlackElo "1939"]
[TimeControl "180+1"]
[EndTime "10:39:15 PDT"]
[Termination "TigrVShlyape won by resignation"]

1. e4 c5 2. Nf3 a6 3. c4 Nc6 4.
Nc3 g6 5. d4 cxd4 6. Nxd4 Bg7 7. Be3 e6 8. Be2 Nge7 9. O-O O-O 10. Qd2 f5 11. Nxc6 dxc6 12. Qxd8 Rxd8 13. Rfd1 Bd7 14.
Bb6 Bxc3 15. bxc3 fxe4 16. Rab1 Kf8 17. Bxd8 Rxd8 18. Rxb7 Ke8 19. Kf1 c5 20. Rc7 Nc6 21.
Rdxd7 Rxd7 22. Rxc6 Ke7 23. Bg4 Rb7 24. Rxe6+ Kf7 25.
Rxa6 Rb1+ 26. Ke2 Rb2+ 27. Ke3 h5 28. Be6+ Ke7 29. Bd5 Rc2 30. a4 Rxc3+ 31. Kxe4 Rc1 32. a5 Re1+ 33. Kf4 Rd1 34. Re6+ Kd7 35. a6 Ra1 36.
Rxg6 1-0

[Event "*** Titled Tuesday Blitz"]
[Site "Chess.com"]
[Date "2020.04.28"]
[Round "4"]
[White "FeketeBarika"]
[Black "TheMightyBishops"]
[Result "1-0"]
[WhiteElo "2220"]
[BlackElo "1993"]
[TimeControl "180+1"]
[EndTime "10:39:15 PDT"]
[Termination "FeketeBarika won by checkmate"]

1. Nf3 c5 2. g3 e6 3. Bg2 a6 4. O-O Ne7 5. c4 Ng6 6. Nc3 Qc7 7. b3 Nc6 8. Bb2 f6 9. d4 cxd4 10. Nxd4 h5 11. Nxc6 bxc6 12. Qc2 f5 13. e4 f4 14. Rae1 Ne5 15. gxf4 Ng4 16. e5 Rh6 17. h3 Bc5 18. hxg4 hxg4 19. Ne4 Qd8 20. Nxc5 Qh4 21. f3 g3 22. Bh3 Qxh3 23. Qg2 Qf5 24. Ne4 Qh5 25. Nxg3 Qf7 26. Kf2 a5 27. Rh1 Rg6 28. Rh8+ Ke7 29. Ba3+ d6 30. Bxd6+ Kd7 31. Rd1 c5 32. Bxc5+ Kc6 33.
Be3 a4 34. Rd6+ Kb7 35. b4 a3 36. b5 Ra4 37. Rb6+ Ka7 38. Rxc8 Rb4 39. Rbb8# 1-0

[Event "*** Titled Tuesday Blitz"]
[Site "Chess.com"]
[Date "2020.04.28"]
[Round "4"]
[White "etserga"]
[Black "maciek_92"]
[Result "1/2-1/2"]
[WhiteElo "2505"]
[BlackElo "2672"]
[TimeControl "180+1"]
[EndTime "10:39:16 PDT"]
[Termination "Game drawn by repetition"]

1. Nf3 c5 2. c4 g6 3. d4 Bg7 4. e4 cxd4 5. Nxd4 Nc6 6. Be3 Nf6 7. Nc3 O-O 8. Be2 d6 9. O-O Bd7 10. h3 Nxd4 11. Bxd4 Bc6 12. Qc2 a6 13. Rad1 Qa5 14. b3 Rac8 15. Rfe1 b5 16. Nd5 Bxd5 17. exd5 bxc4 18.
Bxc4 e5 19. dxe6 d5 20. exf7+ Kh8 21. Qb2 dxc4 22. Bxf6 c3 23. Bxg7+ Kxg7 24. Qc2 Rxf7 25. Rd3 Qf5 26. Re2 Rd7 27. Rf3 Qd5 28. Kh2 Qd6+ 29.
g3 Qc6 30. Rfe3 Qf6 31. Re6 Qf5 32. Qxf5 gxf5 33. Rc2 Rd2 34. Rxd2 cxd2 35. Rd6 Rc2 36. Kg2 Rxa2 37. Kf3 Rb2 38. Ke2 d1=Q+ 39. Kxd1 Rxf2 40. Rxa6 Rf3 41. g4 f4 42. h4 Rxb3 43. Ke2 Rg3 44. g5 Rh3 45. Rh6 Kg8 46. Kf2 Kg7 47. Kg2 Rg3+ 48. Kf2 Rh3 49. Kg2 Rg3+ 50. Kf2 Rh3 1/2-1/2

[Event "*** Titled Tuesday Blitz"]
[Site "Chess.com"]
[Date "2020.04.28"]
[Round "4"]
[White "Arjun2002"]
[Black "binbin239"]
[Result "1-0"]
[WhiteElo "2676"]
[BlackElo "2446"]
[TimeControl "180+1"]
[EndTime "10:39:16 PDT"]
[Termination "Arjun2002 won by resignation"]

1. e4 c5 2. Nf3 Nc6 3. d4 cxd4 4. Nxd4 g6 5. c4 Nf6 6. Nc3 d6 7. f3 Nxd4 8. Qxd4 Bg7 9. Be3 O-O 10. Qd2 Be6 11.
Bd3 Qa5 12. O-O Rfc8 13. b3 a6 14. Rac1 b5 15. Nd5 Qxd2 16. Bxd2 Nxd5 17. cxd5 Bd7 18. Kf2 Bb2 19. Rb1 Bd4+ 20. Ke2 a5 21. Rfc1 a4 22. Rxc8+ Rxc8 23. bxa4 bxa4 24. Rb7 Be8 25.
Rxe7 Rb8 26. Bc1 Bb5 27. Bxb5 Rxb5 28. Kd3 Bf6 29. Ra7 Rb1 30. Kc2 Rb4 31. Rc7 Kg7 32. a3 Rb3 33. Rc4 Rb7 34. Rxa4 Rc7+ 35. Kd1 g5 36.
Bd2 h6 37. h3 Rb7 38. Rb4 Ra7 39. a4 Be5 40. Rc4 Kg6 41. a5 Rb7 42. Ra4 Rb1+ 43.
Ke2 Rb2 44. Kd3 Rb3+ 45. Kc2 Rb2+ 46. Kc1 Rb7 47. a6 Ra7 48. Be3 Ra8 49. a7 1-0

[Event "*** Titled Tuesday Blitz"]
[Site "Chess.com"]
[Date "2020.04.28"]
[Round "4"]
[White "ajdemipopushi"]
[Black "morfius"]
[Result "0-1"]
[WhiteElo "2293"]
[BlackElo "2598"]
[TimeControl "180+1"]
[EndTime "10:39:17 PDT"]
[Termination "morfius won by checkmate"]

1. Nf3 c5 2. g3 Nc6 3. Bg2 g6 4. c4 Bg7 5. O-O d6 6. Nc3 h5 7. h4 Bf5 8. d3 Qd7 9. Nd5 Nf6 10. Rb1 Nxd5 11. cxd5 Nd4 12. b4 Nxf3+ 13. Bxf3 c4 14. e4 Bh3 15. Re1 c3 16. Be3 O-O 17. Qb3 Rfc8 18. Rbc1 Bg4 19. Bg2 a5 20. b5 a4 21. Qb4 c2 22. d4 Qc7 23. f3 Bd7 24.
Re2 Qc3 25. Qxc3 Rxc3 26. Kf2 Rac8 27. b6 a3 28. Rd2 Ba4 29. Bf1 e6 30. dxe6 fxe6 31.
f4 e5 32. fxe5 dxe5 33. d5 Rxe3 34. Kxe3 Bh6+ 35. Kd3 Bb5# 0-1

[Event "*** Titled Tuesday Blitz"]
[Site "Chess.com"]
[Date "2020.04.28"]
[Round "4"]
[White "BocharovD"]
[Black "Rodalquilar"]
[Result "1-0"]
[WhiteElo "2807"]
[BlackElo "2615"]
[TimeControl "180+1"]
[EndTime "10:39:18 PDT"]
[Termination "BocharovD won by resignation"]

1. c4 e6 2. Nf3 d5 3. g3 Nf6 4.
Bg2 Be7 5. O-O O-O 6. b3 d4 7. e3 c5 8. exd4 cxd4 9. d3 Nc6 10. a3 a5 11. Re1 Nd7 12. Nbd2 e5 13. Rb1 Qc7 14. h4 Nc5 15. Ne4 Nxe4 16. Rxe4 Bf5 17. Re1 Bg4 18. Bd2 f6 19. b4 axb4 20. axb4 b5 21.
cxb5 Na7 22. Qb3+ Kh8 23. Nxd4 exd4 24. b6 Qd8 25. bxa7 Rxa7 26. b5 Bf5 27. Bb4 Bxb4 28. Qxb4 Bxd3 29. Rbd1 Bc2 30. Rxd4 Qb8 31. b6 Ra4 32. Qb2 Rxd4 33. Qxd4 Rd8 34. Qb2 Bg6 35.
b7 Bf7 36. Ra1 Qc7 37. Ra8 Rb8 38. Rxb8+ Qxb8 39. Qa3 1-0

[Event "*** Titled Tuesday Blitz"]
[Site "Chess.com"]
[Date "2020.04.28"]
[Round "4"]
[White "Tashik"]
[Black "XDPS"]
[Result "0-1"]
[WhiteElo "2546"]
[BlackElo "2776"]
[TimeControl "180+1"]
[EndTime "10:39:18 PDT"]
[Termination "XDPS won by resignation"]

1. c4 e6 2. Nf3 d5 3. g3 Nf6 4.
Bg2 dxc4 5. Qa4+ Bd7 6. Qxc4 c5 7. Ne5 Qc8 8. Qd3 Nc6 9. Nxd7 Nxd7 10. O-O Be7 11.
b3 O-O 12. Bb2 Bf6 13. Nc3 Nb6 14. a3 Rd8 15. Qc2 Nd4 16. Qd1 c4 17. Ne4 Nxe2+ 18. Qxe2 Bxb2 19. Rab1 Bxa3 20. b4 Nd5 21. Nc5 Bxb4 22.
Bxd5 Rxd5 23. Nxe6 Qxe6 24. Qxe6 fxe6 25. Rxb4 b5 26. Rfb1 a6 27. R1b2 Kf7 28. Ra2 Ke7 29. Kf1 Kd6 30. Ke1 Kc5 31. Rb1 a5 32. Ke2 b4 33.
Rc2 Kb5 34. Rbc1 Rc8 35. Ra1 a4 0-1

[Event "*** Titled Tuesday Blitz"]
[Site "Chess.com"]
[Date "2020.04.28"]
[Round "4"]
[White "Yuri202062"]
[Black "LikeWater"]
[Result "1-0"]
[WhiteElo "2554"]
[BlackElo "2752"]
[TimeControl "180+1"]
[EndTime "10:39:18 PDT"]
[Termination "Yuri202062 won by resignation"]

1. d4 Nf6 2. c4 e5 3. dxe5 Ne4 4. Nd2 Bb4 5. a3 Nxd2 6. Bxd2 Bxd2+ 7. Qxd2 Nc6 8. Nf3 O-O 9. g3 Qe7 10. Qc3 Re8 11.
Bg2 Nxe5 12. Nxe5 Qxe5 13. Qxe5 Rxe5 14. e3 a5 15. b3 Rb8 16. Rc1 d6 17. O-O b5 18. cxb5 Rexb5 19. Rxc7 Rxb3 20. Bd5 Rxa3 21. Rxf7 Rd3 22. Rb7+ Rxd5 23. Rxb8 Rc5 24. Rd1 d5 25. e4 Kf7 26. Rxd5 Rc4 27. Kg2 a4 28. Ra5 Bd7 29. Rb7 Ke6 30. Ra6+ Bc6 31. Rxg7 Kd6 32. f3 Kc5 33.
Rxh7 Kb4 34. Rha7 Bb5 35. Rb6 Rc5 36. h4 a3 37. g4 Rc2+ 38. Kg3 a2 39. h5 Kc5 40.
Rxb5+ Kxb5 41. h6 1-0

[Event "*** Titled Tuesday Blitz"]
[Site "Chess.com"]
[Date "2020.04.28"]
[Round "4"]
[White "VALPARAISO37"]
[Black "GianmarcoVaR"]
[Result "0-1"]
[WhiteElo "2360"]
[BlackElo "2562"]
[TimeControl "180+1"]
[EndTime "10:39:18 PDT"]
[Termination "GianmarcoVaR won on time"]

1. d4 Nf6 2. c4 e6 3. Nc3 Bb4 4.
a3 Bxc3+ 5. bxc3 O-O 6. e3 c5 7. Bd3 Nc6 8. Nf3 d6 9. e4 e5 10. d5 Ne7 11. O-O h6 12. Ne1 Nh7 13. f4 exf4 14. Bxf4 Ng6 15. Bg3 Qe7 16. Rb1 Nf6 17. h3 Nd7 18. Nf3 Nde5 19. Nxe5 Nxe5 20. Kh2 b6 21. a4 Ba6 22. Qe2 Rfe8 23. a5 bxa5 24. Ra1 Nxd3 25. Qxd3 Qxe4 26. Qxe4 Rxe4 27. Bxd6 Bxc4 28.
Rfd1 Bb3 29. Rd2 Rae8 30. Rxa5 Re2 31. Rxe2 Rxe2 32. Rxc5 Bc2 33. Rc4 Be4 34. Kg3 g5 35. h4 Rxg2+ 0-1

[Event "*** Titled Tuesday Blitz"]
[Site "Chess.com"]
[Date "2020.04.28"]
[Round "4"]
[White "Blagorod"]
[Black "adricalderon8"]
[Result "0-1"]
[WhiteElo "2138"]
[BlackElo "2414"]
[TimeControl "180+1"]
[EndTime "10:39:18 PDT"]
[Termination "adricalderon8 won on time"]

1. e4 c5 2. Nc3 Nc6 3. g3 g6 4.
Bg2 Bg7 5. d3 Rb8 6. Be3 b5 7.
Bxc5 b4 8. Nce2 Bxb2 9. Rb1 Bg7 10. Qd2 Qa5 11. Be3 Qxa2 12. Qd1 Qa5 13. Bd2 d6 14.
Nh3 Nf6 15. O-O O-O 16. d4 Bxh3 17. Bxh3 Nxe4 18. Bg2 d5 19. Bf4 Rbc8 20. h4 Qb6 21. c3 a5 22. cxb4 axb4 23. h5 e6 24. h6 Bf6 25. f3 Nxd4 26. Kh2 Nxe2 27. Qxe2 Nc3 28. Qe1 Nxb1 29. Qxb1 b3 30. g4 b2 31. g5 Qd4 32.
Kg3 Be5 33. Bxe5 Qxe5+ 34. f4 Qf5 35. Qxb2 f6 36. gxf6 Qxf6 37. Qb7 Rc3+ 38. Rf3 Rxf3+ 39. Bxf3 Qxf4+ 40. Kg2 Qxf3+ 41. Kg1 Qe3+ 0-1

[Event "*** Titled Tuesday Blitz"]
[Site "Chess.com"]
[Date "2020.04.28"]
[Round "4"]
[White "DonPreuss"]
[Black "RestartingChess"]
[Result "1-0"]
[WhiteElo "2200"]
[BlackElo "2523"]
[TimeControl "180+1"]
[EndTime "10:39:18 PDT"]
[Termination "DonPreuss won by checkmate"]

1. d4 Nf6 2. Nc3 d5 3. e4 Nxe4 4. Nxe4 dxe4 5. Bc4 g6 6. c3 Bg7 7. f3 e3 8. Bxe3 O-O 9. Ne2 Nc6 10. O-O e6 11.
Qe1 Ne7 12. Ng3 Bd7 13. Ne4 Nf5 14. Bg5 f6 15. Bf4 Re8 16. g4 Ne7 17. Qg3 Rc8 18. g5 Nf5 19. Qh3 Bc6 20. Nxf6+ Bxf6 21. gxf6 Qxf6 22. Be5 Qg5+ 23. Kh1 Bd5 24. Bxd5 exd5 25. Rg1 Ng3+ 26. Rxg3 Qd2 27. Rag1 Kf7 28. Qxh7+ Ke6 29. Rxg6+ Kf5 30. Rf6# 1-0

[Event "*** Titled Tuesday Blitz"]
[Site "Chess.com"]
[Date "2020.04.28"]
[Round "4"]
[White "Jeffinho023"]
[Black "Grandelicious"]
[Result "0-1"]
[WhiteElo "2555"]
[BlackElo "2780"]
[TimeControl "180+1"]
[EndTime "10:39:20 PDT"]
[Termination "Grandelicious won by resignation"]

1. d4 Nf6 2. Nf3 e6 3. Bf4 c5 4. c3 Nc6 5. e3 b6 6. Nbd2 cxd4 7. exd4 Bb7 8. h3 Be7 9. Bd3 O-O 10. O-O d6 11.
Re1 a6 12. a4 Nd5 13. Bh2 g6 14. Nc4 Re8 15. Ne3 Nxe3 16. Rxe3 Bf8 17. Re1 Ne7 18. Be4 Bxe4 19. Rxe4 b5 20. axb5 axb5 21. Rxa8 Qxa8 22. Qd3 Nd5 23. Re1 Rb8 24. Nd2 Qa2 25. Qb1 Ra8 26. Ne4 Qxb1 27. Rxb1 Ra6 28. Bg3 Be7 29.
Rc1 f5 30. Nd2 Bg5 31. Rd1 Bxd2 32. Rxd2 f4 33. Bh4 h6 34. f3 Ra1+ 35. Kh2 Ne3 36. Re2 Nf1+ 37. Kg1 Ng3+ 0-1

[Event "*** Titled Tuesday Blitz"]
[Site "Chess.com"]
[Date "2020.04.28"]
[Round "4"]
[White "KingChess345"]
[Black "Baby_Shak"]
[Result "0-1"]
[WhiteElo "2129"]
[BlackElo "2342"]
[TimeControl "180+1"]
[EndTime "10:39:20 PDT"]
[Termination "Baby_Shak won on time"]

1. d4 d5 2. Nf3 Nc6 3. g3 Bg4 4. Bg2 Bxf3 5. Bxf3 Nf6 6. O-O e5 7. dxe5 Nxe5 8. Bg2 Bc5 9. Bf4 Qe7 10. Nc3 O-O-O 11.
a4 h5 12. h4 d4 13. Nb5 c6 14. Na3 Nd5 15. Bxe5 Qxe5 16. Nc4 Qe7 17. Qd2 f6 18. Rfb1 g5 19. hxg5 fxg5 20. Qa5 h4 21. b4 Nxb4 22. Rxb4 Bxb4 23. Qxa7 Qc5 24. Nb6+ Kc7 25. a5 hxg3 26. Rb1 d3 0-1